 Dungeon Crawl Stone Soup version 0.26.1-11-gd32895ea62 (webtiles) character file.

Game seed: 17446414598017307712

602 Zeld the Chucker (level 7, 0/47 HPs)
             Began as an Octopode Monk on May 18, 2021.
             Was a Priest of Wu Jian.
             Slain by a centaur (2 damage)
             ... on level 5 of the Dungeon.
             The game lasted 00:07:58 (6520 turns).

Zeld the Chucker (Octopode Monk)                    Turns: 6520, Time: 00:07:59

Health: 0/47       AC:  1    Str: 10    XL:     7   Next: 41%
Magic:  7/7        EV: 15    Int: 13    God:    Wu Jian [***...]
Gold:   122        SH:  0    Dex: 16    Spells: 6/6 levels left

rFire    . . .     SeeInvis .     - Unarmed
rCold    . . .     Faith    .   (no shield)
rNeg     . . .     Spirit   .   (helmet restricted)
rPois    .         Reflect  .   (no amulet)
rElec    .         Harm     .   (no ring)
rCorr    .         Rampage  .   (no ring)
Will     .....                  (no ring)
Stlth    +++.......             (no ring)
HPRegen  0.15/turn              (no ring)
MPRegen  0.10/turn              (no ring)
                                (no ring)
                                (no ring)

@: no status effects
A: almost no armour, stealthy swim, amphibious, 8 rings, constrict 8, camouflage
1, gelatinous body 1
a: Renounce Religion, Wall Jump, Serpent's Lash


You were on level 5 of the Dungeon.
You worshipped Wu Jian.
Wu Jian was most pleased with you.
You visited 1 branch of the dungeon, and saw 5 of its levels.

You collected 122 gold pieces.

Inventory:

Missiles
 f - 30 poisoned darts (quivered)
 n - 4 boomerangs
Jewellery
 b - an uncursed amulet of guardian spirit {unknown}
 g - an uncursed amulet of the acrobat {unknown}
 r - a cursed -4 ring of strength {unknown}
Wands
 o - a wand of polymorph (4)
Scrolls
 c - a scroll of noise {unknown}
 e - a scroll of amnesia {unknown}
 p - a scroll of immolation {unknown}
 q - 2 scrolls of identify {unknown}
 s - a scroll of remove curse {unknown}
Potions
 i - a potion of brilliance
 k - a potion of magic {unknown}
 l - a potion of cancellation {unknown}
 m - a potion of heal wounds {unknown}
 t - a potion of ambrosia {unknown}
 u - a potion of degeneration {unknown}


   Skills:
 - Level 3.9 Fighting
 * Level 6.7 Throwing
 - Level 3.9 Dodging
 - Level 2.6 Stealth
 - Level 3.0 Unarmed Combat


You had 6 spell levels left.
You didn't know any spells.
Your spell library was empty.

Dungeon Overview and Level Annotations

Branches:
Dungeon (5/15)
 Temple: D:4-7

Altars:
Cheibriados
Elyvilon
Hepliaklqana
Nemelex Xobeh
Uskayaw
Wu Jian
Xom

Annotations:
D:3 exclusion: ogre


Innate Abilities, Weirdness & Mutations

You cannot wear most types of armour.
You are very stealthy in the water. (Stealth+)
You are amphibious.
You can wear up to eight rings at the same time.
You can use your tentacles to constrict eight enemies at once.
Your skin changes colour to match your surroundings (Stealth+).
Your rubbery body absorbs attacks. (AC +1, EV +1)


Message History

You are too injured to fight recklessly!
The orc wizard shouts!
You tentacle-slap the centaur.
The centaur is heavily wounded.
The centaur hits you!
* * * LOW HITPOINT WARNING * * *
You tentacle-slap the centaur but do no damage.
The centaur is heavily wounded.
The centaur hits you!
* * * LOW HITPOINT WARNING * * *
The centaur completely misses you.
Okay, then.
You tentacle-slap the centaur.
The centaur is severely wounded.
The centaur hits you.
* * * LOW HITPOINT WARNING * * *
You barely miss the centaur. Your squeeze misses the centaur.
The centaur is severely wounded.
The centaur hits you.
You die...

#..# #..#
#..###..######
#............#
#.#####..###.#########
.......>(.......c...#
#########.#.#######.#
#......#.#<....#c#
#.####.#.#@#.#.#.#
###.#c#...#.#
..#h#####.#
###{o.h...# #########


You could see a centaur, an orc wizard and a jackal.

Vanquished Creatures
  3 scorpions
  3 crimson imps (D:3)
  Ijyb (D:3)
  Jessica (D:3)
  Natasha (thrice) (D:4)
  2 orc wizards (D:3)
  A worker ant (D:4)
  Robin (D:2)
  2 adders (D:2)
  An ufetubus (D:5)
  An ooze (D:5)
  A worm (D:2)
  3 dart slugs (D:2)
  3 leopard geckos
  6 orcs (D:3)
  10 bats
  3 giant cockroaches
  14 goblins
  8 hobgoblins
  6 jackals
  3 quokkas (D:2)
  A ball python (D:2)
  6 frilled lizards
  12 kobolds
  A quokka zombie (D:5)
  6 rats
102 creatures vanquished.

Notes
Turn   | Place    | Note
-------+----------+-------------------------------------------
     0 | D:1      | Zeld the Octopode Monk began the quest for the Orb.
     0 | D:1      | Reached XP level 1. HP: 16/16 MP: 1/1
   248 | D:1      | Reached XP level 2. HP: 16/21 MP: 2/2
  1028 | D:1      | Reached XP level 3. HP: 24/26 MP: 3/3
  1433 | D:2      | Found an ornate altar of the Wu Jian Council.
  1444 | D:2      | Became a worshipper of the Wu Jian Council
  1444 | D:2      | Reached * piety under Wu Jian
  1444 | D:2      | Reached ** piety under Wu Jian
  1521 | D:2      | Reached XP level 4. HP: 33/33 MP: 4/4
  1552 | D:2      | Found a snail-covered altar of Cheibriados.
  1581 | D:2      | Reached skill level 1 in Throwing
  1756 | D:2      | Found a faded altar of an unknown god.
  1867 | D:2      | Found a hazy altar of Hepliaklqana.
  1867 | D:2      | Found a white marble altar of Elyvilon.
  2027 | D:2      | Noticed Robin
  2340 | D:2      | Killed Robin
  2341 | D:2      | Reached skill level 2 in Throwing
  2954 | D:3      | Reached XP level 5. HP: 37/37 MP: 5/5
  2995 | D:3      | Noticed Ijyb
  3013 | D:3      | Killed Ijyb
  3013 | D:3      | Reached *** piety under Wu Jian
  3014 | D:3      | Reached skill level 3 in Throwing
  3400 | D:3      | Noticed Jessica
  3407 | D:3      | Killed Jessica
  3408 | D:3      | Reached skill level 4 in Throwing
  3408 | D:3      | Reached XP level 6. HP: 43/43 MP: 6/6
  3829 | D:3      | Found a sparkling altar of Nemelex Xobeh.
  3850 | D:3      | Found a shimmering altar of Xom.
  4222 | D:3      | Reached skill level 5 in Throwing
  4271 | D:4      | Found a hide-covered altar of Uskayaw.
  4548 | D:4      | Reached XP level 7. HP: 27/47 MP: 7/7
  5053 | D:4      | Noticed Natasha
  5061 | D:4      | Killed Natasha
  5062 | D:4      | Reached skill level 6 in Throwing
  5084 | D:4      | Noticed Natasha
  5091 | D:4      | Killed Natasha
  5181 | D:4      | Noticed Natasha
  5195 | D:4      | Killed Natasha
  5792 | D:5      | Entered Level 5 of the Dungeon
  5881 | D:5      | HP: 3/70 [poisoned by a scorpion]
  5883 | D:5      | HP: 1/70 [poisoned by a scorpion]
  6519 | D:5      | HP: 2/47 [centaur (4)]
  6520 | D:5      | Slain by a centaur

Illustrated notes

Levels and vault maps discovered:
D:1:      mrwooster_arrival_statue, layout_loops_ring
D:2:      layout_basic, nicolae_overflow_crystal_walls,
          gammafunk_temple_overflow_statue, chequers_ecumenical_altar_twisty,
          kennysheep_slug_shrine, uniq_robin
D:3:      layout_basic, led_xom_imps, nrook_campfire,
          nemelex_lonely_heart_becter, uniq_jessica, uniq_ijyb
D:4:      cheibrodos_old_hovel, layout_basic, kennysheep_little_box,
          minmay_close_crescents, uniq_natasha
D:5:      layout_basic, lemuel_doored_altar,
          minmay_temple_entry_statues_fountains, elyvilon_altar_5, uniq_sigmund,
          uniq_prince_ribbit1

Skill      XL: |  1  2  3  4  5  6  7 |
---------------+----------------------+-----
Throwing       | 2 4 5 6 |  6.7
Fighting       | |  3.9
Dodging        | |  3.9
Stealth        | |  2.6
Unarmed Combat | |  3.0

Action                   |  1- 3 |  4- 6 |  7- 9 || total
-------------------------+-------+-------+-------++-------
Melee: Unarmed           |    84 |   160 |    54 ||   298
       Constrict         |    20 |    45 |     9 ||    74
       Tentacles         |    10 |    30 |     6 ||    46
       Punch             |     2 |     2 |       ||     4
Invok: Lunge             |     3 |    16 |     5 ||    24
       Whirlwind         |       |     6 |     2 ||     8
 Abil: Wall Jump         |       |     4 |       ||     4
  Use: Potion            |       |       |     5 ||     5
 Stab: Sleeping          |     9 |    15 |     5 ||    29
       Invisible         |       |       |     1 ||     1
Armor: Skin              |    10 |     7 |     7 ||    24
Dodge: Dodged            |    64 |    96 |    54 ||   214
